 Dungeon Crawl Stone Soup version 0.29.0-13-gc9e81de378 (webtiles) character file.

Game seed: 7916979589269524311

108 smilodon the Trooper (level 4, -7/55 HPs)
             Began as a Demonspawn Fighter on Sept 9, 2022.
             Was a Priest of Lugonu.
             Killed from afar by a steam dragon (13 damage)
             ... with a ball of steam
             ... on level 3 of the Dungeon.
             The game lasted 00:02:55 (2215 turns).

smilodon the Trooper (Demonspawn Fighter)           Turns: 2215, Time: 00:02:56

Health: -7/55      AC: 11    Str: 18    XL:     4   Next: 58%
Magic:  4/4        EV:  9    Int: 10    God:    Lugonu [***...]
Gold:   149        SH:  4    Dex: 12    Spells: 3/3 levels left

rFire   . . .      SeeInvis .   e - +0 dagger (venom)
rCold   . . .      Faith    .   c - +0 buckler
rNeg    . . .      Spirit   .   b - +0 scale mail
rPois   .          Reflect  .   (no helmet)
rElec   .          Harm     .   d - +1 cloak {Stlth+}
rCorr   .          Rampage  .   (no gloves)
Will    .....                   (no boots)
Stlth   ..........              (no amulet)
HPRegen 0.18/turn               (no ring)
MPRegen 0.09/turn               (no ring)

@: brilliant, berserking, hasted, very quick
A: sharp scales 2
a: Renounce Religion, Depart the Abyss, Bend Space, Banish


You were on level 3 of the Dungeon.
You worshipped Lugonu.
Lugonu was most pleased with you.
You visited 1 branch of the dungeon, and saw 3 of its levels.

You collected 149 gold pieces.

Inventory:

Hand Weapons
 a - a +0 long sword
 e - a +0 dagger of venom (weapon)
Missiles
 l - a throwing net (quivered)
Armour
 b - a +0 scale mail (worn)
 c - a +0 buckler (worn)
 d - a +1 cloak of stealth (worn)
Scrolls
 f - 5 scrolls of identify {unknown}
 j - a scroll of acquirement {unknown}
 k - a scroll of brand weapon {unknown}
 n - 2 scrolls of blinking {unknown}
 o - a scroll of torment {unknown}
 q - a scroll of vulnerability {unknown}
 r - a scroll of enchant armour {unknown}
Potions
 g - a potion of curing {unknown}
 h - a potion of haste
 p - a potion of brilliance


   Skills:
 + Level 3.7 Fighting
 + Level 1.4(2.0) Short Blades
 - Level 2.0(2.2) Long Blades
 + Level 3.4 Armour
 + Level 3.3 Shields


You had 3 spell levels left.
You didn't know any spells.
Your spell library was empty.

Dungeon Overview and Level Annotations

Branches:
Dungeon (3/15)

Altars:
Lugonu


Innate Abilities, Weirdness & Mutations

You are mostly covered in razor-sharp scales. (AC +2, Slay +2)


Message History

You hit the steam dragon but do no damage.
The steam dragon looks as sick as possible!
The steam dragon is moderately wounded.
You barely miss the steam dragon.
The steam dragon is heavily wounded.
The steam dragon bites you but does no damage.
The steam dragon claws you but does no damage.
You hit the steam dragon.
The steam dragon looks as sick as possible!
The steam dragon is severely wounded.
The steam dragon breathes steam at you. The ball of steam hits you!
You hear a shout!
You are too injured to fight recklessly!
You are too injured to fight recklessly!
You hit the steam dragon but do no damage.
The steam dragon looks as sick as possible!
The steam dragon is severely wounded.
You are engulfed in a cloud of scalding steam.
* * * LOW HITPOINT WARNING * * *
The steam dragon bites you but does no damage.
You block the steam dragon's attack.
It was a potion of haste.
You feel yourself speed up.
You are engulfed in a cloud of scalding steam.
The steam dragon bites you but does no damage.
The steam dragon misses you.
You hit the steam dragon but do no damage.
The steam dragon is almost dead.
You are engulfed in a cloud of scalding steam.
* * * LOW HITPOINT WARNING * * *
The steam dragon bites you but does no damage.
The steam dragon closely misses you.
It was a potion of brilliance.
You feel clever all of a sudden.
It was a potion of berserk rage.
A red film seems to cover your vision as you go berserk!
You feel yourself moving faster!
You feel mighty! The steam dragon breathes steam at you.
The ball of steam hits you!
You die...

# .. ##? #.(. ##
?..(. ..
......###.##.#
......D@ยงยง...#
##...#######.#
#.


You could see a steam dragon (extremely poisoned, catching breath).

Vanquished Creatures
  Crazy Yiuf (D:2)
  An adder (D:2)
  A gnoll (D:1)
  2 worms (D:2)
  A dart slug (D:2)
  5 bats
  2 endoplasms (D:2)
  6 giant cockroaches
  5 goblins
  4 hobgoblins
  2 quokkas (D:1)
  6 ball pythons
  12 frilled lizards
  7 rats
55 creatures vanquished.

Notes
Turn   | Place    | Note
-------+----------+-------------------------------------------
     0 | D:1      | smilodon the Demonspawn Fighter began the quest for the
                  | Orb.
     0 | D:1      | Reached XP level 1. HP: 18/18 MP: 1/1
    36 | D:1      | Found a faded altar of an unknown god.
    61 | D:1      | Prayed at the altar of an unknown god.
    61 | D:1      | Became a worshipper of Lugonu the Unformed
    61 | D:1      | Reached * piety under Lugonu
    61 | D:1      | Reached ** piety under Lugonu
   111 | D:1      | Gained mutation: You are partially covered in razor-sharp
                  | scales. (AC +1, Slay +1) [demonic ancestry]
   111 | D:1      | Reached XP level 2. HP: 17/24 MP: 2/2
   612 | D:1      | Reached XP level 3. HP: 19/29 MP: 3/3
  1125 | D:2      | Reached *** piety under Lugonu
  1238 | D:2      | Reached skill level 1 in Short Blades
  1506 | D:2      | Gained mutation: You are mostly covered in razor-sharp
                  | scales. (AC +2, Slay +2) [demonic ancestry]
  1506 | D:2      | Reached XP level 4. HP: 29/35 MP: 4/4
  1889 | D:2      | Found a runed translucent door.
  1890 | D:2      | Noticed Crazy Yiuf
  1897 | D:2      | Paralysed by Crazy Yiuf for 2 turns
  1899 | D:2      | Killed Crazy Yiuf
  2200 | D:3      | Noticed a steam dragon
  2215 | D:3      | Killed from afar by a steam dragon

Illustrated notes

Levels and vault maps discovered:
D:1:      dpeg_arrival_radiant, layout_loops_ring, basic_ecumenical_altar,
          minmay_lizard_pond
D:2:      layout_rooms, minmay_misc_feat_tiny, minmay_misc_feat_square,
          uniq_crazy_yiuf_cottage
D:3:      layout_loops_ring, nicolae_overflow_ecumenical_swirl, trog_book,
          uniq_natasha, uniq_terence, uniq_sigmund

Skill      XL: |  1  2  3 |
---------------+----------+-----
Long Blades    | 2 |  2.0
Armour         | 3 |  3.4
Shields        | 3 |  3.3
Short Blades   | 1 |  1.4
Fighting       | |  3.7

Action                   |  1- 3 |  4- 6 || total
-------------------------+-------+-------++-------
Melee: Long sword        |    37 |       ||    37
       Dagger            |   109 |    29 ||   138
Throw: Dart              |       |     2 ||     2
  Use: Potion            |       |     4 ||     4
Armor: Scale mail        |    70 |    15 ||    85
Dodge: Dodged            |    60 |     9 ||    69
Block: Buckler           |    29 |     4 ||    33
